 Dungeon Crawl Stone Soup version 0.29.1-1-gd02db6906a (webtiles) character file.

Game seed: 3924667398806458879

467 Icepheonix32 the Gusty (level 7, -3/37 HPs)
             Began as a Tengu Air Elementalist on Sept 25, 2022.
             Slain by a white imp (4 damage)
             ... on level 5 of the Dungeon.
             The game lasted 00:05:54 (4357 turns).

Icepheonix32 the Gusty (Tengu Air Elementalist)     Turns: 4357, Time: 00:05:55

Health: -3/37      AC:  6    Str:  8      XL:     7   Next: 8%
Magic:  8/12       EV: 15    Int: 17      God:
Gold:   357        SH:  0    Dex: 14 (15) Spells: 5/12 levels left

rFire   . . .      SeeInvis .   q - +1 rapier
rCold   . . .      Faith    .   (no shield)
rNeg    . . .      Spirit   .   c - +1 steam dragon scales
rPois   +          Reflect  .   (helmet restricted)
rElec   .          Harm     .   (no cloak)
rCorr   .          Rampage  .   (no gloves)
Will    .....                   (boots unavailable)
Stlth   ++........              (no amulet)
HPRegen 0.12/turn               d - ring of poison resistance
MPRegen 0.13/turn               (no ring)

@: flying quickly and evasively, quick
A: beak, talons 3, nimble flight
a: no special abilities


You were on level 5 of the Dungeon.
You visited 2 branches of the dungeon, and saw 6 of its levels.

You collected 357 gold pieces.

Inventory:

Hand Weapons
 f - a +0 short sword
 q - a +1 rapier (weapon)
Missiles
 h - 5 javelins
Armour
 c - +1 steam dragon scales (worn)
Jewellery
 d - a ring of poison resistance (left hand)
 e - a ring of ice
Scrolls
 g - 3 scrolls of teleportation
 i - a scroll of magic mapping
 o - 2 scrolls of immolation
 r - 2 scrolls of amnesia
 s - a scroll of enchant weapon
 v - 3 scrolls of butterflies
Potions
 a - a potion of berserk rage
 b - 3 potions of magic
 j - 2 potions of heal wounds
 k - a potion of attraction
 m - a potion of resistance


   Skills:
 + Level 0.3 Fighting
 + Level 3.3 Dodging
 + Level 2.2 Stealth
 + Level 3.0 Spellcasting
 * Level 5.8 Conjurations
 * Level 6.7 Air Magic


You had 5 spell levels left.
You knew the following spells:

 Your Spells              Type           Power      Damage    Failure   Level
a - Shock                 Conj/Air       96%        1d9       1%          1
b - Static Discharge      Conj/Air       24%        3-6/arc   1%          2
c - Airstrike             Air            12%        2d(2-18)  11%         4

Your spell library contained the following spells:

 Spells                   Type           Power      Damage    Failure   Level
 Swiftness                Air            25%        N/A       3%          3
 Necrotise                Necr           8%         1d4       17%         1
 Inner Flame              Hex/Fire       2%         N/A       45%         3
 Vampiric Draining        Necr           2%         2d6       45%         3
 Cause Fear               Hex            1%         N/A       86%         4
 Agony                    Necr           2%         N/A       99%         5
 Discord                  Hex            1%         N/A       100%        8


Dungeon Overview and Level Annotations

Branches:
Dungeon (5/15)             Temple (1/1) D:4

Altars:
Ashenzari
Cheibriados
Fedhas
Kikubaaqudgha
Makhleb
Okawaru
Ru
Sif Muna
Trog
Uskayaw
Wu Jian
Xom
Yredelemnul
Zin
The Shining One


Innate Abilities, Weirdness & Mutations

You have a beak for a mouth.
You have claws for feet.
Your magical nature lets you fly swiftly and evasively.


Message History

Unknown command.
Casting: Shock (safe; 1% risk of failure)
Confirm with . or Enter, or press ? or * to list all spells.
Aiming: Shock (safe; 1% risk of failure)
Press: ? - help, Shift-Dir - straight line The zap hits the water moccasin.
The water moccasin is lightly wounded.
The zap hits the water moccasin!
The water moccasin is heavily wounded.
The centaur shoots an arrow.
The arrow completely misses you. The water moccasin misses you.
The centaur shoots an arrow.
The arrow completely misses you. The water moccasin bites you!
The centaur unwields a +0 shortbow.
The centaur barely misses you. The centaur misses you.
The white imp closely misses you. The water moccasin barely misses you.
Unknown command.
Casting: Shock (safe; 1% risk of failure)
Confirm with . or Enter, or press ? or * to list all spells.
The white imp is struck by an arc of lightning.
The white imp is moderately wounded.
The centaur is struck by an arc of lightning.
The centaur is moderately wounded.
You are struck by an arc of lightning.
* * * LOW HITPOINT WARNING * * *
The water moccasin is struck by an arc of lightning!
The water moccasin is severely wounded.
The lightning grounds out.
The centaur is struck by an arc of lightning.
The centaur is moderately wounded.
You are struck by an arc of lightning.
* * * LOW HITPOINT WARNING * * *
The water moccasin is struck by an arc of lightning.
The water moccasin is almost dead.
The lightning grounds out.
The centaur hits you.
* * * LOW HITPOINT WARNING * * *
The centaur kicks you but does no damage.
The water moccasin closely misses you. The white imp hits you.
* * * LOW HITPOINT WARNING * * *
The white imp freezes you.
You die...

#.^....# ....
#......##....
#............
#............
#.......... .
#........ ...
#......##.....
#<@5......
#S.c......
...........
#..##.###.?..
...# #.# ...
#.## #.# .. #
#.# . #.#


You could see a water moccasin, a centaur and a white imp.

Vanquished Creatures
  A necrophage (D:3)
  A scorpion (D:4)
  A hound (D:4)
  A jelly (D:4)
  5 iguanas
  8 adders
  A worm (D:4)
  3 dart slugs
  3 orcs
  3 bats (D:1)
  4 endoplasms
  4 giant cockroaches
  3 goblins
  10 hobgoblins
  6 jackals (D:2)
  7 kobolds
  3 quokkas
  5 ball pythons
  7 frilled lizards
  8 rats
84 creatures vanquished.

Notes
Turn   | Place    | Note
-------+----------+-------------------------------------------
     0 | D:1      | Icepheonix32 the Tengu Air Elementalist began the quest for
                  | the Orb.
     0 | D:1      | Reached XP level 1. HP: 10/10 MP: 4/4
   119 | D:1      | Reached XP level 2. HP: 15/15 MP: 1/6
   576 | D:1      | Found a faded altar of an unknown god.
   957 | D:2      | Reached XP level 3. HP: 19/19 MP: 4/7
  1065 | D:2      | Found an iron altar of Okawaru.
  1314 | D:2      | Reached skill level 5 in Air Magic
  1414 | D:2      | Reached XP level 4. HP: 5/24 MP: 0/8
  1974 | D:3      | Identified the +0 pair of boots of Grace {Dex+4}
  2150 | D:3      | Found a glowing silver altar of Zin.
  2544 | D:3      | Found a shimmering blue altar of Sif Muna.
  2698 | D:3      | Found a glowing golden altar of the Shining One.
  2856 | D:4      | Gained mutation: Your magical nature lets you fly swiftly
                  | and evasively. [Tengu growth]
  2856 | D:4      | Reached XP level 5. HP: 28/28 MP: 9/9
  2888 | D:3      | Learned a level 2 spell: Static Discharge
  2893 | D:3      | Learned a level 4 spell: Airstrike
  2973 | D:3      | Reached skill level 6 in Air Magic
  2973 | D:3      | Reached XP level 6. HP: 11/32 MP: 0/11
  3246 | D:4      | Found a staircase to the Ecumenical Temple.
  3260 | Temple   | Entered the Ecumenical Temple
  3494 | D:4      | Reached skill level 5 in Conjurations
  4152 | D:5      | Entered Level 5 of the Dungeon
  4155 | D:5      | Noticed a water moccasin
  4162 | D:4      | Reached XP level 7. HP: 14/37 MP: 5/12
  4357 | D:5      | HP: 1/37 [white imp (2)]
  4357 | D:5      | Slain by a white imp

Illustrated notes

Levels and vault maps discovered:
D:1:      lightli_arrival_maybe_door_vault, layout_rooms,
          shapermc_ecumenical_altar_ellora
D:2:      layout_basic, basic_altar, minmay_pentomino_pile
D:3:      layout_loops_ring, tso_oasis_becter, mainiacjoe_overflow_boulevard,
          mainiacjoe_overflow_six_doors_small
D:4:      layout_rooms, minmay_temple_entry_stoned_glass, grunt_ministairs_1
D:5:      layout_rooms, fiery_altar_vehumet, dk_rats_in_the_wall
Temple:   nicolae_temple_godzebo

Skill      XL: |  1  2  3  4  5  6 |
---------------+-------------------+-----
Conjurations   | 2 3 4 5 |  5.8
Air Magic      | 5 6 |  6.7
Dodging        | 3 |  3.3
Spellcasting   | 3 |  3.0
Fighting       | |  0.3
Stealth        | |  2.2

Action                   |  1- 3 |  4- 6 |  7- 9 || total
-------------------------+-------+-------+-------++-------
Melee: Short sword       |    11 |     5 |       ||    16
       Peck              |     3 |     2 |       ||     5
       Kick              |     1 |    10 |       ||    11
       Rapier            |       |    17 |       ||    17
       Punch             |       |     1 |       ||     1
 Cast: Shock             |    72 |    88 |     2 ||   162
       Static Discharge  |       |     8 |     1 ||     9
  Use: Scroll            |       |    12 |       ||    12
       Potion            |       |     3 |       ||     3
 Stab: Sleeping          |       |     1 |       ||     1
Armor: Steam dragon scal |    12 |    12 |     1 ||    25
Dodge: Dodged            |    36 |    37 |    12 ||    85
